AoeStats
← Ux'RaúlME

Arabia

506522264Analyzed
1v1 RM · 19d ago on Sep 13, 2026· 52m 43s· 2 players
Game mode
Random Map
Map size
Tiny (2 player)
Population
200
Speed
Normal
Resources
Standard
Victory
Conquest
Starting age
Dark Age
Ending age
Imperial Age
RankedLock teamsTeams togetherTeam positionsShared explorationLock speedFull tech treeHidden civsTurbo modeCheats
Victory
Defeat
🇲🇰 Mongols · North Macedonia
1458
+17
🇲🇽 Hindustanis · Mexico
1471
-17
Ducky4302
9:04 Feudal Age
11:02 Loom
13:25 Castle Age
13:34 Bloodlines
13:11 Double-Bit Axe
23:08 Scale Barding Armor
24:43 Wheelbarrow
25:02 Bow Saw
25:41 Horse Collar
27:32 Heavy Plow
27:52 Husbandry
29:41 Gold Mining
30:20 Stone Mining
31:27 Fletching
33:21 Ballistics
37:03 Imperial Age
35:27 Thumb Ring
36:28 Hand Cart
37:15 Bodkin Arrow
38:15 Conscription
38:02 Bracer
38:24 Padded Archer Armor
40:19 Chemistry
40:11 Leather Archer Armor
40:08 Forging
40:55 Hoardings
40:29 Elite Mangudai
41:02 Town Watch
42:54 Onager
45:51 Masonry
45:19 Siege Onager
47:49 Parthian Tactics
47:05 Light Cavalry
48:21 Iron Casting
50:16 Drill
52:17 Blast Furnace
51:38 Chain Barding Armor
50:41 Hussar
51:20 Capped Ram
52:36 Nomads
52:34 Murder Holes
52:55 Siege Engineers
52:40 Siege Ram
Ux'RaúlME
6:49 Loom
8:57 Feudal Age
10:03 Double-Bit Axe
13:05 Scale Barding Armor
15:35 Scale Mail Armor
20:10 Castle Age
19:24 Forging
19:32 Bloodlines
22:03 Husbandry
26:14 Iron Casting
27:36 Horse Collar
32:05 Wheelbarrow
31:22 Town Watch
34:56 Fletching
38:48 Imperial Age
37:42 Heavy Plow
38:22 Chain Barding Armor
39:50 Heavy Camel Rider
41:43 Conscription
41:24 Grand Trunk Road
42:26 Chain Mail Armor
43:15 Bodkin Arrow
44:11 Plate Barding Armor
46:38 Blast Furnace
46:24 Arson
46:40 Squires
47:25 Hand Cart
47:13 Elite Ghulam
Connection lost

Rejoining the realm…

Still unreachable

The connection could not be restored.

Session expired

The server has moved on; the page needs a fresh start.